Map: Dasan Station LE

Players

Fantdaluen - Winner!

  • Race: Terran Terran
  • League: Bronze

Gracz

  • Race: Terran Terran
  • League: Bronze

VOD

Have the link to the VOD?

Description

Time

  • Played on: Aug. 27, 2016, 7:06 p.m.
  • Length: 7:18
Show
View Real Time Build Order
Export as new Build Order

Fantdaluen Terran - Winner!

Build Orders: MMM Bio 

Get SALT Encoding   

  12  0:09  SCV  
  13  0:21  SCV  
  13  0:23  Supply Depot  
  14  0:49  Barracks  
  14  0:51  SCV  
  15  0:58  Refinery  
  15  1:03  SCV  
  16  1:15  SCV  
  17  1:24  Refinery  
  17  1:27  SCV  
  18  1:37  Marine  
  18  1:39  SCV  
  20  1:51  Supply Depot  
  20  1:55  Marine  
  21  2:04  Orbital Command  
  21  2:13  Marine, Engineering Bay  
  21  2:15  Supply Depot  
  22  2:25  Factory  
  22  2:31  Marine  
  23  2:39  Barracks  
  23  2:49  Marine  
  24  3:03  SCV  
  25  3:08  Barracks Tech Lab  
  25  3:15  SCV  
  26  3:22  Starport  
  26  3:27  SCV  
  27  3:41  SCV  
  28  3:44  Terran Infantry Weapons Level 1  
  28  3:49  Barracks Reactor  
  28  3:51  Combat Shields  
  28  3:53  SCV  
  29  4:05  SCV  
  30  4:17  Medivac, SCV  
  33  4:29  SCV  
  34  4:32  Marine x3  
  37  4:44  Supply Depot  
  37  4:47  Medivac  
  39  5:05  Marine x3  
  39  5:06  SCV  
  43  5:08  Supply Depot  
  43  5:10  Stimpack  
  43  5:17  Medivac  
  43  5:18  SCV  
  46  5:23  Marine  
  47  5:29  Marine x2  
  47  5:30  Supply Depot x2, SCV  
  50  5:42  SCV  
  51  5:47  Medivac  
  53  5:52  Supply Depot  
  53  5:54  SCV  
  54  6:01  Marine x3  
  57  6:17  Medivac  
  59  6:19  Marine x3  
  62  6:27  Barracks  
  62  6:36  Marine x2  
  62  6:37  Marine  
  65  6:42  Supply Depot  
  64  6:54  Marine x3  
  68  7:16  Barracks  
Show
View Real Time Build Order
Export as new Build Order

Gracz Terran 

Build Orders:  

Get SALT Encoding   

  12  0:04  SCV  
  13  0:40  SCV, Command Center  
  14  0:53  SCV  
  15  1:03  Supply Depot  
  15  1:25  SCV  
  16  1:37  Barracks  
  16  1:40  SCV  
  17  1:52  SCV  
  17  1:53  Refinery  
  18  2:03  SCV  
  18  2:06  SCV  
  20  2:15  SCV  
  21  2:19  SCV  
  22  2:28  Barracks  
  22  2:31  SCV  
  23  2:42  Refinery  
  23  2:45  Reaper  
  24  2:53  Refinery  
  24  2:56  Refinery  
  24  2:57  Orbital Command  
  24  2:59  SCV  
  25  3:11  SCV  
  26  3:23  SCV  
  26  3:24  Barracks Reactor  
  26  3:26  Barracks Reactor  
  27  4:04  Reaper x4  
  27  4:07  SCV  
  32  4:19  SCV  
  32  4:21  Factory  
  33  4:24  Engineering Bay  
  33  4:31  SCV  
  34  4:36  Reaper x2  
  36  4:38  Barracks  
  36  4:47  SCV  
  36  4:48  SCV  
  38  4:53  Engineering Bay  
  38  4:55  Terran Infantry Weapons Level 1  
  38  5:05  SCV  
  39  5:09  Supply Depot  
  39  5:11  Starport  
  39  5:25  Barracks Reactor  
  39  5:32  Orbital Command  
  39  5:34  Factory Tech Lab  
  39  6:09  Factory Reactor, Starport  
  39  6:18  Barracks  
  39  6:26  SCV  
  40  6:38  SCV  
  39  6:45  Marine x3  
Tags
 
Add a new tag
Caveats
  • Supply blocks, unpowered buildings, or Contaminate may cause inaccurate times.
  • Supply counts are checked every 10 seconds.